 Dungeon Crawl Stone Soup version 0.22.1-2-g9c5b331383 (webtiles) character file.

76 Ihlosi the Sneak (level 4, -3/37 HPs)
             Began as a Kobold Enchanter on Dec 26, 2018.
             Slain by a gnoll
             ... wielding a +0 spear
              (4 damage)
             ... on level 3 of the Dungeon.
             The game lasted 00:06:45 (2140 turns).

Ihlosi the Sneak (Kobold Enchanter)                 Turns: 2140, Time: 00:06:45

Health: -3/37      AC:  5    Str: 10    XL:     4   Next: 57%
Magic:  3/7        EV: 21    Int: 17    God:
Gold:   118        SH:  0    Dex: 20    Spells: 1/7 levels left

rFire    . . .     SeeInvis .   a - +1 dagger
rCold    . . .     Gourm    .   (shield restricted)
rNeg     . . .     Faith    .   b - +0 robe
rPois    .         Spirit   .   c - +1 hat
rElec    .         Reflect  .   (no cloak)
rCorr    .         Harm     .   e - +1 pair of gloves
MR       .....                  (no boots)
Stlth    ..........             (no amulet)
HPRegen  0.12/turn              (no ring)
MPRegen  0.10/turn              (no ring)

@: agile, berserking, very quick
A: small, carnivore
a: no special abilities


You were on level 3 of the Dungeon.
You were very full.

You visited 1 branch of the dungeon, and saw 3 of its levels.

You collected 118 gold pieces.

Inventory:

Hand Weapons
 a - a +1 dagger (weapon)
Missiles
 g - 19 bolts
Armour
 b - a +0 robe (worn)
 c - a +1 hat (worn)
 e - a +1 pair of gloves (worn)
Scrolls
 i - a scroll of teleportation {unknown}
 j - a scroll of remove curse {unknown}
 k - a scroll of identify {unknown}
Potions
 h - a potion of agility
Comestibles
 d - 3 rations


   Skills:
 * Level 1.0 Fighting
 * Level 2.5 Short Blades
 - Level 3.0 Dodging
 * Level 5.1 Stealth
 * Level 2.4 Spellcasting
 * Level 3.4 Hexes
 + Level 0.1 Ice Magic


You had one spell level left.
You knew the following spells:

 Your Spells              Type           Power        Failure   Level  Hunger
a - Corona                Hex            ##.....      4%          1    #......
b - Ensorcelled Hibernat  Hex/Ice        #.....       14%         2    ##.....
c - Confuse               Hex            ##......     14%         3    ###....

Your spell library contained the following spells:

 Spells                   Type           Power        Failure   Level  Hunger
 Tukima's Dance           Hex            ##......     14%         3    ###....
 Dazzling Spray           Conj/Hex       #.....       28%         3    ###....


Dungeon Overview and Level Annotations

Branches:
Dungeon (3/15)

Altars:

Annotations:
D:2 Sigmund


Innate Abilities, Weirdness & Mutations

You are small and have problems with some larger weapons.
You are carnivorous and can eat meat at any time.


Message History

The gnoll is almost dead.
You puncture the gnoll!
You kill the gnoll!
Your Fighting skill increases to level 1!
Your Stealth skill increases to level 5!
You barely miss the gnoll.
Your magical contamination has completely faded away.
You hit the gnoll.
The gnoll is heavily wounded.
The gnoll misses you.
The gnoll hits you from afar with a spear.
* * * LOW HITPOINT WARNING * * *
You closely miss the gnoll.
The gnoll is heavily wounded.
The gnoll hits you but does no damage. The gnoll completely misses you.
You puncture the gnoll!
You kill the gnoll!
The gnoll shouts!
The gnoll hits you with a spear.
You die...

##..#...g.### ###
####รท## ............##
##.# .#....##.....## #..#
#.....#..).g..# #.##
......#.......## ##.#
##.............# ##..#
##...........#.# #..##
..[...#.....g#.#####.##
......######...g@..#.#
......#..#...#.###...#
......#..#...........#
<######.....#..#####.#
....#..#....#......#.##
#...#.....#####....#..##
##.....#...###....###..##
....#..#.....>..#..###..#
.....#############......#


You could see 2 gnolls.

Vanquished Creatures
  2 gnolls (D:3)
  An adder (D:3)
  An ooze (D:1)
  A dart slug (D:1)
  2 orcs (D:3)
  2 giant cockroaches
  2 goblins
  A hobgoblin (D:1)
  A jackal (D:1)
  6 kobolds
  3 quokkas
  A ball python (D:1)
  6 bats (D:1)
  3 frilled lizards
  11 rats
43 creatures vanquished.

Notes
Turn   | Place    | Note
-------+----------+-------------------------------------------
     0 | D:1      | Ihlosi the Kobold Enchanter began the quest for the Orb.
     0 | D:1      | Reached XP level 1. HP: 10/10 MP: 3/3
   210 | D:1      | Reached XP level 2. HP: 13/15 MP: 5/5
   722 | D:1      | Learned a level 2 spell: Ensorcelled Hibernation
   879 | D:1      | Reached XP level 3. HP: 17/19 MP: 6/6
  1249 | D:2      | Noticed Sigmund
  1505 | D:2      | Learned a level 3 spell: Confuse
  1798 | D:3      | Reached XP level 4. HP: 11/24 MP: 1/7
  2135 | D:3      | Reached skill level 1 in Fighting
  2135 | D:3      | Reached skill level 5 in Stealth
  2137 | D:3      | HP: 1/37 [gnoll/spear (6)]
  2140 | D:3      | Slain by a gnoll

Skill      XL: |  1  2  3  4 |
---------------+-------------+-----
Dodging        | 3 |  3.0
Short Blades   | 2 |  2.5
Fighting       | 1 |  1.0
Stealth        | 5 |  5.1
Spellcasting   | |  2.4
Hexes          | |  3.4
Ice Magic      | |  0.1

Action                   |  1- 3 |  4- 6 || total
-------------------------+-------+-------++-------
Melee: Dagger            |   217 |    41 ||   258
 Cast: Ensorcelled Hiber |     6 |     2 ||     8
  Use: Potion            |       |     2 ||     2
 Stab: Sleeping          |     8 |       ||     8
  Eat: Chunk             |    11 |       ||    11
Armor: Robe              |    59 |     5 ||    64
Dodge: Dodged            |   185 |    24 ||   209
